 Dungeon Crawl Stone Soup version 0.31-a0-664-g902f515a81 (webtiles) character file.

Game seed: 522478259398871160

4065 Conn the Conjurer (level 10, 0/66 HPs)
             Began as an Octopode Fire Elementalist on Sept 2, 2023.
             Was a Believer of Sif Muna.
             Slain by an orc warrior
             ... wielding a +0 glaive
              (15 damage)
             ... on level 8 of the Dungeon.
             The game lasted 00:21:39 (8154 turns).

Conn the Conjurer (Octopode Fire Elementalist)      Turns: 8154, Time: 00:21:39

Health: 0/66       AC:  1    Str:  8    XL:     10   Next: 25%
Magic:  5/20       EV: 14    Int: 39    God:    Sif Muna [**....]
Gold:   506        SH:  5    Dex:  8    Spells: 12/22 levels left

rFire   . . .        m - +9 great sword of Painful Death {drain, rN+ Int+6 Dex-5 SInv}
rCold   . . .        (shield currently unavailable)
rNeg    + . .        (helmet restricted)
rPois   .            g - amulet of reflection
rElec   .            l - +6 ring of intelligence
rCorr   .            y - ring of flight
SInv    +            B - +6 ring of intelligence
Will    .....        (no ring)
Stlth   +++          (no ring)
HPRegen 0.31/turn    (no ring)
MPRegen 0.17/turn    (no ring)
                     (no ring)

%: reflection
@: flying
A: almost no armour, amphibious, 8 rings, camouflage 1, gelatinous body 1,
(nimble swimmer 1), tentacles
a: Renounce Religion, Channel Magic


You were on level 8 of the Dungeon.
You worshipped Sif Muna.
Sif Muna was pleased with you.
You visited 2 branches of the dungeon, and saw 10 of its levels.
You also visited: Sewer.

You collected 506 gold pieces.

Inventory:

Hand Weapons
 e - a +0 dagger
 j - a +4 short sword of venom
 m - the +9 great sword of Painful Death (weapon) {drain, rN+ Int+6 Dex-5 SInv}
   (You found it in a sewer)

   Int+6:     It affects your intelligence (+6).
   Dex-5:     It affects your dexterity (-5).
   rN+:       It protects you from negative energy.
   SInv:      It lets you see invisible.
Missiles
 w - 5 curare-tipped darts
Jewellery
 g - an amulet of reflection (around mantle)
 k - an amulet of regeneration
 l - a +6 ring of intelligence (left tentacle)
 x - an amulet of the acrobat
 y - a ring of flight (right tentacle)
 B - a +6 ring of intelligence (on tentacle)
Wands
 h - a wand of light (10)
 i - a wand of polymorph (11)
 D - a wand of roots (5)
Scrolls
 b - a scroll of silence {unknown}
 d - 2 scrolls of noise
 n - 4 scrolls of fear
 o - 3 scrolls of immolation {unknown}
 q - 7 scrolls of teleportation {unknown}
 s - a scroll of revelation {unknown}
 u - 9 scrolls of identify {unknown}
 A - a scroll of amnesia {unknown}
 C - a scroll of vulnerability {unknown}
Potions
 a - 2 potions of magic
 c - 4 potions of curing
 f - a potion of degeneration
 p - a potion of attraction
 r - a potion of brilliance {unknown}
 t - a potion of enlightenment
 v - 2 potions of mutation {unknown}
 z - a potion of cancellation {unknown}


   Skills:
 + Level 5.1 Fighting
 + Level 5.5 Dodging
 - Level 3.0 Stealth
 * Level 6.9 Spellcasting
 * Level 7.2 Conjurations
 + Level 5.9 Fire Magic
 * Level 5.2 Invocations


You had 12 spell levels left.
You knew the following spells:

 Your Spells              Type           Power      Damage    Failure   Level
a - Foxfire               Conj/Fire      100%       2x1d9     1%          1
b - Scorch                Fire           100%       2d9       1%          2
c - Inner Flame           Hex/Fire       36%        N/A       2%          3
d - Flame Wave            Conj/Fire      59%        2d14      1%          4

Your spell library contained the following spells:

 Spells                   Type           Power      Damage    Failure   Level
 Magic Dart               Conj           100%       1d8       1%          1
 Searing Ray              Conj           100%       2d8       1%          2
 Volatile Blastmotes      Fire/Tloc      72%        2d16      2%          3
 Sublimation of Blood     Necr           13%        N/A       4%          2
 Wereblood                Tmut           13%        N/A       4%          2
 Fulminant Prism          Conj/Hex       20%        3d12      6%          4
 Summon Hydra             Summ           6%         N/A       100%        7


Dungeon Overview and Level Annotations

Branches:
Dungeon (9/15)             Temple (1/1) D:6           Sewer (visited)
   Lair: D:8-11         Orc: D:9-12

Altars:
Ashenzari
Cheibriados
Dithmenos
Elyvilon
Gozag
Kikubaaqudgha
Makhleb
Nemelex Xobeh
Ru
Sif Muna
Trog
Uskayaw
Vehumet
Wu Jian
Yredelemnul
Zin
The Shining One


Innate Abilities, Weirdness & Mutations

You cannot wear most types of armour.
You are amphibious.
You can wear up to eight rings at the same time.
Your skin changes colour to match your surroundings (Stealth+).
Your rubbery body absorbs attacks. (AC +1, EV +1)
((You are camouflaged when in or above water. (Stealth+)))
You have tentacles for arms and can constrict up to eight enemies at once.


Message History

Casting: Scorch (safe; 1% risk of failure)
Confirm with . or Enter, or press ? or * to list all spells.
Flames lash the orc warrior.
The orc warrior is severely wounded.
The orc warrior's fire resistance burns away.
The orc warrior misses you.
Unknown command.
Casting: Scorch (safe; 1% risk of failure)
Confirm with . or Enter, or press ? or * to list all spells.
Aiming: Inner Flame (dangerous; 2% risk of failure)
Press: ? - help, Dir - move target, f - orc warrior
Aim: an orc warrior, wielding a +0 glaive and wearing a +0 chain mail (severely wounded, more vulnerable to fire, chance to affect: 87%)
The orc warrior is filled with an inner flame.
The orc priest calls down the wrath of Beogh upon you.
Beogh smites you!
* * * LOW HITPOINT WARNING * * *
The orc warrior closely misses you.
Aiming: Bolt of Light
Press: ? - help, Shift-Dir - straight line, f/p - orc warrior
Aim: an orc warrior, wielding a +0 glaive and wearing a +0 chain mail (severely wounded, inner flame, more vulnerable to fire, 68% to hit)
The bolt of light hits the orc!
You kill the orc!
Sif Muna accepts your kill.
The bolt of light misses the orc warrior.
The bolt of light hits the orc priest!
You kill the orc priest!
Sif Muna accepts your kill.
Unknown command.
Unknown command.
Unknown command.
Aiming: Bolt of Light
Press: ? - help, Shift-Dir - straight line, f/p - orc warrior
Aim: an orc warrior, wielding a +0 glaive and wearing a +0 chain mail (severely wounded, inner flame, more vulnerable to fire, 68% to hit)
Okay, then.
Unknown command.
The orc warrior is no longer more vulnerable to fire.
A sky beast comes into view.
The orc warrior attacks as it pursues you!
The orc warrior hits you from afar with a +0 glaive!
You die...

... #......#.# ##...##
#......#.# ###..# #
#......#.# ##.## .# #
#......#.# #..###.#.#
#..#...#.# #####.......# #
#..#.####.........### #..
#..... +..........#
....)#.#.####..........#
....)o).o)o.@..<.....#....
....####o####........###..#
. #.#...........+ ..
#.#.........Y.# .
#.#...........#
..|.............
..####..####..... ... ....
.....


You could see an orc warrior (inner flame), a sky beast (wandering) and 3 orcs.

Vanquished Creatures
  Pikel (D:7)
  Maggie (D:8)
  Jeremiah (D:8)
  5 yaks (D:8)
  A wraith (D:7)
  A steam dragon (D:6)
  2 black bears
  2 orc warriors
  5 ogres
  3 centaurs (D:6)
  3 lemures (D:7)
  2 phantoms
  2 bullfrogs (Sewer)
  A scorpion (D:6)
  An electric eel (D:8)
  5 orc priests
  5 hounds
  A jelly (D:7)
  An iguana (D:4)
  A sleepcap (D:5)
  3 orc wizards
  Robin (D:2)
  3 gnolls (D:5)
  5 adders
  3 white imps
  An ufetubus (D:6)
  A worm (D:3)
  4 dart slugs
  15 orcs
  4 bats (D:1)
  14 endoplasms
  13 giant cockroaches
  16 goblins
  10 hobgoblins
  10 kobolds
  7 quokkas
  17 ball pythons
  9 frilled lizards
  5 rats
185 creatures vanquished.

Vanquished Creatures (others)
  346 foxfires
346 creatures vanquished.

Grand Total: 531 creatures vanquished

Notes
Turn   | Place    | Note
-------+----------+-------------------------------------------
     0 | D:1      | Conn the Octopode Fire Elementalist began the quest for the
                  | Orb.
     0 | D:1      | Reached XP level 1. HP: 11/11 MP: 3/3
   276 | D:1      | Reached XP level 2. HP: 17/17 MP: 3/5
   309 | D:1      | Learned a level 2 spell: Scorch
   623 | D:1      | Reached XP level 3. HP: 22/22 MP: 3/6
   627 | D:1      | Learned a level 3 spell: Inner Flame
  1150 | D:2      | Noticed Robin
  1529 | D:2      | Found a faded altar of an unknown god.
  1548 | D:2      | Reached XP level 4. HP: 26/27 MP: 0/7
  2205 | D:2      | Found a sacrificial altar of Ru.
  2325 | D:2      | Reached skill level 2 in Conjurations
  2332 | D:2      | Killed Robin
  2333 | D:2      | Reached skill level 1 in Fighting
  2608 | D:3      | Found a glowing drain.
  2684 | Sewer    | Entered a sewer
  2899 | Sewer    | Reached XP level 5. HP: 32/33 MP: 3/9
  3177 | Sewer    | Reached skill level 3 in Conjurations
  3177 | Sewer    | Reached XP level 6. HP: 39/39 MP: 0/11
  3180 | Sewer    | Identified the +9 great sword of Painful Death {drain, rN+
                  | Int+6 Dex-5 SInv}
  3753 | D:3      | Found a shimmering blue altar of Sif Muna.
  3758 | D:3      | Became a worshipper of Sif Muna the Loreminder
  3789 | D:3      | Found a shadowy altar of Dithmenos.
  3866 | D:4      | Learned a level 4 spell: Flame Wave
  4048 | D:4      | Reached XP level 7. HP: 45/45 MP: 5/12
  4653 | D:5      | Entered Level 5 of the Dungeon
  4659 | D:5      | Reached skill level 4 in Conjurations
  5022 | D:5      | Reached XP level 8. HP: 39/52 MP: 11/14
  5391 | D:6      | Found a staircase to the Ecumenical Temple.
  5403 | Temple   | Entered the Ecumenical Temple
  5581 | D:6      | Reached * piety under Sif Muna
  5600 | D:6      | Reached skill level 5 in Spellcasting
  5600 | D:6      | Reached skill level 5 in Conjurations
  5807 | D:5      | Reached skill level 1 in Invocations
  6078 | D:6      | Reached skill level 5 in Fire Magic
  6078 | D:6      | Reached XP level 9. HP: 43/58 MP: 6/17
  7045 | D:7      | Noticed Pikel
  7061 | D:7      | Killed Pikel
  7062 | D:7      | Reached skill level 6 in Conjurations
  7219 | D:7      | Reached skill level 5 in Dodging
  7667 | D:8      | Noticed Jeremiah
  7804 | D:8      | Noticed Maggie
  7817 | D:8      | Killed Maggie
  7818 | D:8      | Reached skill level 7 in Conjurations
  7818 | D:8      | Reached XP level 10. HP: 22/65 MP: 4/20
  7826 | D:8      | Reached skill level 5 in Fighting
  7826 | D:8      | Reached skill level 5 in Invocations
  7980 | D:8      | Killed Jeremiah
  8153 | D:8      | Reached ** piety under Sif Muna
  8154 | D:8      | Slain by an orc warrior

Illustrated notes

Levels and vault maps discovered:
D:1:      lightli_arrival_maybe_door_vault, layout_loops_ring
D:2:      layout_basic, ebering_ecumenical_altar_hall, basic_altar,
          st_stairs_14, uniq_robin
D:3:      layout_rooms, mainiacjoe_overflow_two_lobes, serial_curves,
          eino_curves_01, eino_curves_03, portal_sewer_entry_a,
          skrybe_limestone_x, kennysheep_generic_room_5
D:4:      layout_basic, nrook_loot_triangle
D:5:      layout_basic, minivault_4
D:6:      layout_loops_ring, minmay_temple_entry_large_hall, wad_rectangle_vault
D:7:      layout_gridville, uniq_pikel
D:8:      layout_basic, mainiacjoe_overflow_boulevard, serial_bayou,
          serial_bayou_lagoon_a, serial_bayou_pond_c, serial_bayou_ford_a,
          serial_bayou_shore_b, fountainhead, uniq_maggie, uniq_jeremiah
D:9:      layout_roguey, grunt_temple_overflow_open, minmay_strange_pillars,
          uniq_erolcha
Temple:   bh_familiar_temple

Skill      XL: |  1  2  3  4  5  6  7  8  9 10 |
---------------+-------------------------------+-----
Stealth        | 3 |  3.0
Conjurations   | 2 3 4 5 7 |  7.2
Fighting       | 1 2 3 4 5 |  5.1
Spellcasting   | 3 4 5 6 |  6.9
Dodging        | 3 4 5 |  5.5
Fire Magic     | 4 5 |  5.9
Invocations    | 2 4 5 |  5.2

Action                     |  1- 3 |  4- 6 |  7- 9 | 10-12 || total
---------------------------+-------+-------+-------+-------++-------
  Melee: Dagger            |    16 |     7 |       |       ||    23
         Tentacles         |     3 |     2 |     3 |       ||     8
         Constrict         |     5 |     3 |     3 |       ||    11
         Punch             |     1 |       |       |       ||     1
         Great sword       |       |    11 |    19 |     2 ||    32
   Cast: Foxfire           |    51 |    98 |    50 |     5 ||   204
         Scorch            |     6 |    10 |    51 |    14 ||    81
         Inner Flame       |       |     1 |    11 |     1 ||    13
         Flame Wave        |       |       |     9 |     2 ||    11
  Evoke: Wand              |       |       |       |     3 ||     3
    Use: Potion            |       |       |     7 |       ||     7
         Scroll            |       |       |     2 |       ||     2
   Stab: Sleeping          |     3 |     2 |     3 |       ||     8
 Armour: Skin              |    10 |    18 |    53 |     5 ||    86
  Dodge: Dodged            |    13 |    23 |    48 |     5 ||    89
  Block: Other             |     5 |     8 |    17 |     1 ||    31
         Reflection        |       |       |     3 |       ||     3

Table legend: (Time is in decaauts)
 A = Elapsed time spent in this place.
 B = Non-inter-level travel time spent in this place.
 C = Inter-level travel time spent in this place.
 D = Time resting spent in this place.
 E = Time spent auto-exploring this place.
 F = Levels seen in this place.
 G = Mean time per level.
                   A        B        C        D        E       F      G
               +--------+--------+--------+--------+--------+-----+--------+
         Total |   8176 |   8070 |    106 |    720 |   5206 |  11 |  743.3 |
       Dungeon |   7350 |   7244 |    106 |    720 |   4725 |   9 |  816.7 |
        Temple |    127 |    127 |      0 |      0 |      0 |   1 |  127.0 |
         Sewer |    698 |    698 |      0 |      0 |    481 |   1 |  698.0 |
               +--------+--------+--------+--------+--------+-----+--------+

Top non-repeatable levels by time:
     D:2: 1349 daAuts
     D:1: 1226 daAuts
     D:5: 1056 daAuts
     D:7: 914 daAuts
     D:6: 867 daAuts
     D:4: 796 daAuts
   Sewer: 698 daAuts
     D:3: 588 daAuts
     D:8: 440 daAuts
  Temple: 127 daAuts
     D:9: 110 daAuts
